 Dungeon Crawl Stone Soup version 0.21.1-1-g345015f (webtiles) character file.

54 spiff the Chucker (level 3, -9/35 HPs)
             Began as a Troll Hunter on July 11, 2018.
             Mangled by sipior's ghost (11 damage)
             ... on level 3 of the Dungeon.
             The game lasted 00:02:48 (1817 turns).

spiff the Chucker (Troll Hunter)                    Turns: 1817, Time: 00:02:49

Health: -9/35      AC:  6    Str: 19 (21) XL:     3   Next: 66%
Magic:  2/2        EV: 10    Int:  5 (7)  God:
Gold:   132        SH:  0    Dex:  8 (10) Spells: 2/2 levels left

rFire    . . .     SeeInvis .     - Unarmed
rCold    . . .     Gourm    +   (no shield)
rNeg     . . .     Faith    .   o - +1 robe {MR+}
rPois    .         Spirit   .   (helmet restricted)
rElec    .         Reflect  .   (no cloak)
rCorr    .         Harm     .   (gloves unavailable)
MR       +....                  (boots unavailable)
Stlth    +.........             (no amulet)
HPRegen  0.51/turn              (no ring)
MPRegen  0.08/turn              (no ring)

@: lethally poisoned (-9 -> -13)
A: large, unfitting armour, claws 3, fast metabolism 3, gourmand, regeneration
1, shaggy fur 1, tough skin 2
a: no special abilities


You were on level 3 of the Dungeon.
You were very hungry.

You visited 1 branch of the dungeon, and saw 3 of its levels.

You collected 132 gold pieces.

Inventory:

Hand Weapons
 a - a +0 short sword
Missiles
 c - 5 large rocks (quivered)
 d - 2 throwing nets
Armour
 o - a +1 robe of magic resistance (worn)
Scrolls
 e - 2 scrolls of identify {unknown}
 l - 4 scrolls of remove curse {unknown}
 n - a scroll of magic mapping {unknown}
 p - a scroll of teleportation {unknown}
Potions
 k - a potion of flight {unknown}
 m - a potion of curing {unknown}
 q - a potion of might {unknown}
Comestibles
 f - 4 rations


   Skills:
 + Level 2.1 Fighting
 + Level 3.9 Throwing
 + Level 2.1 Dodging
 - Level 0.3 Stealth
 + Level 1.4 Unarmed Combat


You had 2 spell levels left.
You didn't know any spells.

Dungeon Overview and Level Annotations

Branches:
Dungeon (3/15)

Altars:

Annotations:
D:3 sipior's ghost, amateur GrFi


Innate Abilities, Weirdness & Mutations

You are too large for most types of armour.
You have claws for hands.
Your metabolism is lightning-fast.
You like to eat raw meat.
Your natural rate of healing is unusually fast.
You are covered in fur. (AC +1)
You have very tough skin. (AC +2)


Message History

* * * LOW HITPOINT WARNING * * *
You feel sick.
It was a potion of agility.
You feel agile all of a sudden.
* * * LOW HITPOINT WARNING * * *
You feel sick.
It was a potion of cancellation.
Your magical effects are unravelling.
You feel magically purged.
Your magical contamination has completely faded away.
You feel yourself slow down.
You flicker back into view.
You feel a little less agile now.
* * * LOW HITPOINT WARNING * * *
You feel sick.
It was a potion of degeneration.
There was something very wrong with that liquid.
You feel weakened.
You feel dopey.
You feel clumsy.
* * * LOW HITPOINT WARNING * * *
You feel sick. Sipior's ghost hits you!
You die...

.. ...##. ##. ##. ..... .#.. ..
.... .... .. #. ... #...
.##.##. #.##.. ###. ......
#....# .... ..... ##...# #
....## #..@.# ... #
#.#..###.W..# ... ###
#####.##(.##.#..##.. .. ....
#............##...###.. .. ....
#......((............. .. ....
#.....(....#.###..>..# #. ....
#..........#..#####..# .#....
#.....(....##.....#..## ......
#..........######.#...####.....


You could see sipior's ghost.

Vanquished Creatures
  3 adders
  4 bats
  4 goblins
  2 hobgoblins (D:2)
  3 jackals (D:1)
  3 kobolds
  2 quokkas
  A ball python (D:3)
  2 frilled lizards
  5 rats
29 creatures vanquished.

Notes
Turn   | Place    | Note
-------+----------+-------------------------------------------
     0 | D:1      | spiff the Troll Hunter began the quest for the Orb.
     0 | D:1      | Reached XP level 1. HP: 19/19 MP: 0/0
   346 | D:1      | Reached XP level 2. HP: 25/28 MP: 1/1
   622 | D:2      | Reached skill level 1 in Unarmed Combat
   744 | D:2      | Reached XP level 3. HP: 29/35 MP: 2/2
  1802 | D:3      | Noticed sipior's ghost (amateur GrFi)
  1817 | D:3      | Mangled by sipior's ghost

Skill      XL: |  1  2 |
---------------+-------+-----
Unarmed Combat | 1 |  1.4
Fighting       | 2 |  2.1
Dodging        | 2 |  2.1
Throwing       | |  3.9
Stealth        | |  0.3

Action                   || total
-------------------------++-------
Melee: Unarmed           ||   105
  Use: Potion            ||     5
 Stab: Sleeping          ||     1
  Eat: Chunk             ||     9
       Ration            ||     1
Armor: Robe              ||    66
Dodge: Dodged            ||    86
